 Dungeon Crawl Stone Soup version 0.23.2-40-g277498a001 (webtiles) character file.

Game seed: 2418385490012388470

3521 Cryoshakespeare the Spear-Bearer (level 10, -2/82 HPs)
             Began as a Merfolk Monk on Oct 10, 2019.
             Was a Priest of Yredelemnul.
             Slain by an unseen horror (10 damage)
             ... on level 10 of the Dungeon.
             The game lasted 00:31:48 (7675 turns).

Cryoshakespeare the Spear-Bearer (Merfolk Monk)     Turns: 7675, Time: 00:31:49

Health: -2/82      AC:  6    Str: 16    XL:     10   Next: 8%
Magic:  14/14      EV: 20    Int: 10    God:    Yredelemnul [***...]
Gold:   331        SH:  0    Dex: 20    Spells: 11/13 levels left

rFire    . . .     SeeInvis .   p - +1 trident (protect)
rCold    + + +     Gourm    .   (no shield)
rNeg     . . .     Faith    .   j - +3 leather armour of Seoc {rC+++ Regen+ Str-3}
rPois    .         Spirit   .   (no helmet)
rElec    .         Reflect  .   (no cloak)
rCorr    .         Harm     .   (no gloves)
MR       .....                  (no boots)
Stlth    ++........             (no amulet)
HPRegen  0.63/turn              g - +4 ring of dexterity
MPRegen  0.14/turn              x - +4 ring of strength

@: no status effects
A: change form in water, swift swim, stealthy swim
a: Recall Undead Slaves, Injury Mirror, Animate Dead, Renounce Religion


You were on level 10 of the Dungeon.
You worshipped Yredelemnul.
Yredelemnul was most pleased with you.
You were not hungry.

You visited 2 branches of the dungeon, and saw 9 of its levels.

You collected 331 gold pieces.

Inventory:

Hand Weapons
 p - a +1 trident of protection (weapon)
 v - a +0 blowgun
Missiles
 d - 226 stones (quivered)
 e - 25 poisoned needles
 f - 4 javelins
 h - 5 needles of confusion
 u - 5 tomahawks
Armour
 j - the +3 leather armour of Seoc (worn) {rC+++ Regen+ Str-3}
   (You found it on level 6 of the Dungeon)

   It affects your strength (-3).
   It renders you almost immune to cold.
   It increases your rate of regeneration.
 t - a +2 leather armour of fire resistance
Magical Staves
 D - an uncursed staff of wizardry
Jewellery
 g - a +4 ring of dexterity (left hand)
 x - a +4 ring of strength (right hand)
 C - an uncursed ring of wizardry
Scrolls
 i - 5 scrolls of remove curse
 m - 2 scrolls of enchant armour {unknown}
 o - 3 scrolls of teleportation
 q - 2 scrolls of fog {unknown}
 s - 3 scrolls of enchant weapon {unknown}
 y - 2 scrolls of blinking {unknown}
 A - a scroll of fear {unknown}
 B - a scroll of immolation {unknown}
Potions
 a - a potion of flight
 b - a potion of berserk rage
 k - 2 potions of agility
 l - 3 potions of heal wounds
 n - 2 potions of curing
 r - a potion of haste
 w - a potion of mutation
 z - a potion of lignification
 E - a potion of might {unknown}
Comestibles
 c - 12 rations


   Skills:
 + Level 8.5 Fighting
 + Level 10.9 Polearms
 + Level 10.1 Dodging
 - Level 2.1 Stealth
 - Level 2.0 Spellcasting
 - Level 2.0 Translocations
 + Level 6.1 Invocations


You had 11 spell levels left.
You knew the following spells:

 Your Spells              Type           Power        Failure   Level  Hunger
a - Blink                 Tloc           N/A          26%         2    ###....

Your spell library contained the following spells:

 Spells                   Type           Power        Failure   Level  Hunger
 Freeze                   Ice            #...         36%         1    ##.....
 Magic Dart               Conj           #...         36%         1    ##.....
 Call Imp                 Summ           #.......     50%         2    ###....
 Slow                     Hex            #.......     50%         2    ###....
 Throw Frost              Conj/Ice       #.....       50%         2    ###....
 Conjure Flame            Conj/Fire      #.......     75%         3    ####...
 Mephitic Cloud           Conj/Pois/Air  #.......     75%         3    ####...
 Ozocubu's Armour         Chrm/Ice       #.......     75%         3    ####...
 Summon Ice Beast         Ice/Summ       #.......     98%         4    #####..
 Throw Icicle             Conj/Ice       #.......     98%         4    #####..


Dungeon Overview and Level Annotations

Branches:
Dungeon (7/15)             Temple (1/1) D:5

Altars:
Cheibriados
Dithmenos
Elyvilon
Fedhas
Gozag
Makhleb
Okawaru
Qazlal
Trog
Uskayaw
Xom
Yredelemnul

Shops:
D:4 [   D:6 (   D:7 %


Message History

Something hits your wyvern zombie. Something hits your centaur zombie!
Something hits your centaur zombie. Something hits your wyvern zombie!
Your wyvern zombie is destroyed!
Your centaur zombie barely misses something.
Something hits you. Something hits your centaur zombie!
Your centaur zombie is destroyed!
Something closely misses you. Something hits you. Something hits you.
* * * LOW HITPOINT WARNING * * *
Something hits you but does no damage. Something hits you!
* * * LOW HITPOINT WARNING * * *
Something barely misses you. Something hits you.
* * * LOW HITPOINT WARNING * * *
Something hits you!
You die...
Your body rises from the dead as a mindless zombie.

................#.##
..................#
.#.........#.##..##
...........#.....#
##.....##..#.....#
##.....# ..#.....#
#...... #.....#
#.....# #....@# ####
#.....# # #...
#..#..# .# #...
#..#..# ..# #...
###.....#######....
####
#..................
#.....#........#
#.....#........#
#.....#....#...##


There were no monsters in sight!

Vanquished Creatures
  A two-headed ogre (D:7)
  Joseph (D:10)
  A wyvern (D:10)
  An orc warrior (D:6)
  A phantom (D:6)
  2 sky beasts (D:10)
  4 ogres
  3 centaurs
  3 bullfrogs
  A scorpion (D:10)
  3 howler monkeys (D:7)
  An electric eel (D:10)
  A crimson imp (D:7)
  2 orc priests
  4 hounds
  2 jellies
  6 orc wizards
  3 worker ants
  A howler monkey skeleton (D:6)
  8 adders
  A shadow imp (D:10)
  An adder skeleton (D:5)
  4 worms
  A dart slug (D:1)
  3 leopard geckos
  28 orcs
  5 giant cockroaches
  7 hobgoblins
  4 jackals
  10 kobolds
  3 quokkas
  2 ball pythons (D:3)
  6 bats
  9 frilled lizards
  2 goblins
  2 rats
137 creatures vanquished.

Vanquished Creatures (collateral kills)
  A troll (D:10)
  A centaur (D:10)
  A crimson imp (D:10)
  A bullfrog zombie (D:10)
  3 jellies
  3 adders
  A shadow imp (D:6)
11 creatures vanquished.

Vanquished Creatures (others)
  A wyvern zombie (D:10)
  A troll zombie (D:10)
  2 centaur zombies
  A bullfrog zombie (D:7)
  A centaur skeleton (D:10)
  A human skeleton (D:10)
  2 sky beast zombies (D:10)
  2 hound zombies (D:10)
  A hound skeleton (D:6)
  A howler monkey zombie (D:7)
  A howler monkey skeleton (D:7)
  2 orc zombies
  An adder skeleton (D:5)
  A jackal zombie (D:10)
  A leopard gecko skeleton (D:5)
  4 orc skeletons
23 creatures vanquished.

Grand Total: 171 creatures vanquished

Notes
Turn   | Place    | Note
-------+----------+-------------------------------------------
     0 | D:1      | Cryoshakespeare the Merfolk Monk began the quest for the
                  | Orb.
     0 | D:1      | Reached XP level 1. HP: 18/18 MP: 1/1
   166 | D:1      | Reached XP level 2. HP: 22/24 MP: 2/2
   643 | D:1      | Reached skill level 5 in Polearms
   658 | D:1      | Reached XP level 3. HP: 30/30 MP: 3/3
  1317 | D:2      | Reached skill level 5 in Dodging
  1317 | D:2      | Reached XP level 4. HP: 32/37 MP: 4/4
  1669 | D:3      | Noticed an ogre
  2241 | D:3      | Reached XP level 5. HP: 23/43 MP: 5/5
  2932 | D:3      | Killed an ogre
  2932 | D:3      | Reached skill level 5 in Fighting
  2932 | D:3      | Reached XP level 6. HP: 24/51 MP: 6/6
  3724 | D:4      | Found Qamn's Antique Armour Shop.
  3816 | D:4      | Learned a level 2 spell: Blink
  4067 | D:4      | Found a stormy altar of Qazlal.
  4244 | D:5      | Entered Level 5 of the Dungeon
  4260 | D:5      | Reached XP level 7. HP: 25/56 MP: 6/8
  4491 | D:5      | Found a staircase to the Ecumenical Temple.
  4500 | Temple   | Entered the Ecumenical Temple
  4519 | Temple   | Became a worshipper of Yredelemnul the Dark
  4519 | Temple   | Reached * piety under Yredelemnul
  4519 | Temple   | Reached ** piety under Yredelemnul
  4731 | D:5      | Reached skill level 1 in Spellcasting
  4731 | D:5      | Reached skill level 1 in Translocations
  5048 | D:5      | Reached skill level 1 in Invocations
  5145 | D:5      | Found a snail-covered altar of Cheibriados.
  5782 | D:6      | Reached XP level 8. HP: 44/64 MP: 10/10
  6030 | D:6      | Identified the +3 leather armour of Seoc {rC+++ Regen+
                  | Str-3} (You found it on level 6 of the Dungeon)
  6104 | D:6      | Found Yruciff's Antique Weapon Shop.
  6453 | D:7      | Noticed a two-headed ogre
  6464 | D:7      | Killed a two-headed ogre
  6464 | D:7      | Reached XP level 9. HP: 72/72 MP: 10/12
  6695 | D:7      | Found Tacsel's Food Shoppe.
  6813 | D:7      | You fall through a shaft for 3 floors!
  6813 | D:10     | Entered Level 10 of the Dungeon
  6837 | D:10     | Noticed a troll
  6988 | D:10     | Reached *** piety under Yredelemnul
  7068 | D:10     | Noticed Joseph
  7077 | D:10     | Killed a troll
  7077 | D:10     | Reached skill level 10 in Polearms
  7077 | D:10     | Reached skill level 5 in Invocations
  7094 | D:10     | Killed Joseph
  7412 | D:10     | HP: 3/74 [something (7)]
  7414 | D:10     | HP: 1/74 [something (3)]
  7424 | D:10     | Your ally Joseph died
  7520 | D:10     | Reached XP level 10. HP: 65/81 MP: 14/14
  7571 | D:10     | Reached skill level 10 in Dodging
  7675 | D:10     | Slain by an unseen horror

Skill      XL: |  1  2  3  4  5  6  7  8  9 10 |
---------------+-------------------------------+-----
Polearms       | 5 6 7 9 10 | 10.9
Fighting       | 4 5 7 8 |  8.5
Dodging        | 5 6 7 8 9 10 | 10.1
Spellcasting   | 1 2 |  2.0
Translocations | 1 2 |  2.0
Invocations    | 1 4 5 6 |  6.1
Stealth        | |  2.1

Action                   |  1- 3 |  4- 6 |  7- 9 | 10-12 || total
-------------------------+-------+-------+-------+-------++-------
Melee: Spear             |    73 |       |       |       ||    73
       Trident           |    25 |   158 |   305 |    30 ||   518
       Tailslap          |       |       |     1 |       ||     1
 Fire: Blowgun           |       |    10 |       |       ||    10
Throw: Stone             |    46 |    45 |     5 |       ||    96
       Javelin           |       |    32 |    23 |       ||    55
       Tomahawk          |       |       |     1 |       ||     1
Invok: Animate Remains   |       |       |    17 |       ||    17
       Injury Mirror     |       |       |     1 |       ||     1
       Animate Dead      |       |       |     2 |     3 ||     5
Evoke: Wand              |       |     2 |     6 |       ||     8
  Use: Scroll            |     3 |     4 |     8 |       ||    15
       Potion            |       |       |     2 |       ||     2
 Stab: Sleeping          |     3 |     1 |     3 |     1 ||     8
       Paralysed         |       |     1 |    16 |       ||    17
       Distracted        |       |       |     1 |       ||     1
  Eat: Chunk             |     1 |    10 |    12 |       ||    23
       Ration            |       |       |     2 |       ||     2
Armor: Robe              |     6 |       |       |       ||     6
       Ring mail         |     3 |     5 |       |       ||     8
       Leather armour    |     1 |    20 |    69 |    13 ||   103
Dodge: Dodged            |    42 |    89 |   153 |    42 ||   326
